 Dungeon Crawl Stone Soup version 0.29-a0-317-gd16b76e6b1 (webtiles) character file.

Game seed: 11965478736632238516

96 Dabor the Chucker (level 4, 0/32 HPs)
             Began as a Gnoll Wanderer on Apr 1, 2022.
             Slain by a gnoll zombie
             ... wielding a +0 halberd
             ... animated by the malice of Kikubaaqudgha
              (11 damage)
             ... on level 3 of the Dungeon.
             The game lasted 00:03:09 (2898 turns).

Dabor the Chucker (Gnoll Wanderer)                  Turns: 2898, Time: 00:03:10

Health: 0/32       AC:  3    Str: 10    XL:     4   Next: 67%
Magic:  8/8        EV: 12    Int: 14    God:
Gold:   108        SH:  0    Dex: 12    Spells: 9/9 levels left

rFire   . . .      SeeInvis .   a - +2 hand axe
rCold   . . .      Faith    .   (no shield)
rNeg    . . .      Spirit   .   n - +0 leather armour
rPois   .          Reflect  .   (no helmet)
rElec   .          Harm     .   (no cloak)
rCorr   .          Rampage  .   (no gloves)
Will    .....                   (no boots)
Stlth   ++........              (no amulet)
HPRegen 0.10/turn               (no ring)
MPRegen 0.11/turn               (no ring)

@: no status effects
A: fangs 1, strong nose, distributed training
a: no special abilities


You were on level 3 of the Dungeon.
You visited 1 branch of the dungeon, and saw 3 of its levels.

You collected 108 gold pieces.

Inventory:

Hand Weapons
 a - a +2 hand axe (weapon)
Missiles
 c - 17 poisoned darts (quivered)
 p - 2 boomerangs
Armour
 n - a +0 leather armour (worn)
Scrolls
 d - a scroll of immolation {unknown}
 e - 2 scrolls of vulnerability
 f - a scroll of torment {unknown}
 g - 2 scrolls of teleportation {unknown}
 h - 4 scrolls of amnesia {unknown}
 i - a scroll of brand weapon {unknown}
 k - 2 scrolls of blinking {unknown}
 l - 2 scrolls of identify {unknown}
 o - a scroll of fear {unknown}
Potions
 b - a potion of degeneration {unknown}
 m - 2 potions of curing {unknown}
 q - a potion of might {unknown}
 r - 2 potions of haste {unknown}
 s - 2 potions of resistance {unknown}


   Skills:
 + Level 1.2 Fighting
 + Level 1.2 Short Blades
 + Level 1.2 Long Blades
 + Level 4.7 Axes
 + Level 1.2 Maces & Flails
 + Level 1.2 Polearms
 + Level 2.8 Staves
 + Level 1.2 Slings
 + Level 1.2 Bows
 + Level 1.2 Crossbows
 + Level 6.6 Throwing
 + Level 1.2 Armour
 + Level 2.8 Dodging
 + Level 2.6 Stealth
 + Level 1.2 Shields
 + Level 1.2 Unarmed Combat
 + Level 3.0 Spellcasting
 + Level 1.0 Conjurations
 + Level 1.0 Hexes
 + Level 1.0 Summonings
 + Level 1.0 Necromancy
 + Level 1.0 Translocations
 + Level 1.0 Transmutations
 + Level 1.0 Fire Magic
 + Level 1.0 Ice Magic
 + Level 1.0 Air Magic
 + Level 1.0 Earth Magic
 + Level 1.0 Poison Magic
 + Level 1.3 Invocations
 + Level 2.8 Evocations


You had 9 spell levels left.
You didn't know any spells.
Your spell library contained the following spells:

 Spells                   Type           Power      Damage    Failure   Level
 Animate Skeleton         Necr           10%        N/A       19%         1
 Freeze                   Ice            20%        1d4       19%         1
 Pain                     Necr           20%        1d5       19%         1
 Shock                    Conj/Air       20%        1d4       19%         1
 Sublimation of Blood     Necr           5%         N/A       28%         2
 Frozen Ramparts          Ice            10%        1d3       50%         3
 Vampiric Draining        Necr           5%         2d6       50%         3
 Hailstorm                Conj/Ice       5%         3d4       88%         4


Dungeon Overview and Level Annotations

Branches:
Dungeon (3/15)

Altars:
Kikubaaqudgha


Innate Abilities, Weirdness & Mutations

You have very sharp teeth.
Your uncanny sense of smell can sniff out nearby items.
Your experience applies equally to all skills.


Message History

Your Transmutations skill increases to level 1!
Your Fire Magic skill increases to level 1!
Your Ice Magic skill increases to level 1!
Your Air Magic skill increases to level 1!
Your Earth Magic skill increases to level 1!
Your Poison Magic skill increases to level 1!
c - 16 poisoned darts (gained 6)
There is an open door here.
Things that are here:
a +0 halberd; a gnoll corpse
Press: ? - help, v - describe, . - travel, g - get item
Items here: a +0 halberd; a gnoll corpse.
An open door.
c - 17 poisoned darts (gained 1)
You see here a +0 plate armour.
You start resting.
Kikubaaqudgha's malice focuses upon you.
The dead are walking!
The divine experience drains your vigour!
You feel yourself slow down. 2 gnoll zombies come into view.
There are monsters nearby!
You feel yourself speed up.
The gnoll zombie hits you from afar with a +0 halberd.
The gnoll zombie hits you from afar with a +0 halberd.
The gnoll zombie misses you.
You see here a +0 plate armour.
You hit the gnoll zombie.
The gnoll zombie is moderately damaged.
You hit the gnoll zombie.
The gnoll zombie is heavily damaged.
The gnoll zombie hits you with a +0 halberd.
You hit the gnoll zombie but do no damage.
You bite the gnoll zombie.
The gnoll zombie is heavily damaged.
The gnoll zombie barely misses you.
You hit the gnoll zombie.
The gnoll zombie is severely damaged.
The gnoll zombie hits you with a +0 halberd!
You die...

#. ♣♣### ♣♣PP ♣♣...♣
...♣♣♣ ###P...♣ ♣♣.♣P♣
##.##(♣.# ..♣..♣
+.@ZZ#P.# ♣P.♣♣♣
##.##♣.## .8P.P♣♣..♣.♣
♣.###♣.P.♣ ......P..♣.
♣...♣.♣..# .⌠.8...♣P.♣P
..P♣.♣♣†## .....♣.PPP
.♣♣.♣..♣...#
P8.P.♣♣.P♣♣♣.♣.♣.♣.§[.##
♣♣P♣.♣..♣P♣..♣.♣.♣♣§♣..#
..♣..♣PP..♣....♣...§PP.#


You could see 2 gnoll zombies.

Vanquished Creatures
  2 gnolls (D:3)
  3 adders
  A worm (D:2)
  8 bats
  3 endoplasms (D:1)
  2 giant cockroaches
  5 hobgoblins
  3 jackals (D:1)
  6 quokkas
  2 ball pythons (D:2)
  3 frilled lizards
  4 goblins (D:1)
  A kobold (D:2)
  4 rats (D:2)
47 creatures vanquished.

Vanquished Creatures (others)
  2 fungi (D:2)
  10 plants
12 creatures vanquished.

Grand Total: 59 creatures vanquished

Notes
Turn   | Place    | Note
-------+----------+-------------------------------------------
     0 | D:1      | Dabor the Gnoll Wanderer began the quest for the Orb.
     0 | D:1      | Dabor set off with the following items: a +2 hand axe, a +0
                  | quarterstaff, 11 poisoned darts, a +0 dagger, a scroll of
                  | vulnerability, a +0 robe
     0 | D:1      | Reached XP level 1. HP: 13/13 MP: 4/4
   393 | D:1      | Reached XP level 2. HP: 17/19 MP: 5/5
  1412 | D:2      | Reached XP level 3. HP: 25/25 MP: 7/7
  1552 | D:2      | Reached skill level 1 in Invocations
  1813 | D:2      | Found a faded altar of an unknown god.
  1821 | D:2      | Got Plato's Disquisition on Lightness
  1852 | D:2      | Prayed at the altar of an unknown god.
  1852 | D:2      | Became a worshipper of Kikubaaqudgha
  1852 | D:2      | Reached * piety under Kikubaaqudgha
  1852 | D:2      | Received a gift from Kikubaaqudgha
  1853 | D:2      | Fell from the grace of Kikubaaqudgha
  2048 | D:2      | Reached skill level 1 in Fighting
  2048 | D:2      | Reached skill level 1 in Short Blades
  2048 | D:2      | Reached skill level 1 in Long Blades
  2048 | D:2      | Reached skill level 1 in Maces & Flails
  2048 | D:2      | Reached skill level 1 in Polearms
  2048 | D:2      | Reached skill level 1 in Slings
  2048 | D:2      | Reached skill level 1 in Bows
  2048 | D:2      | Reached skill level 1 in Crossbows
  2048 | D:2      | Reached skill level 1 in Armour
  2048 | D:2      | Reached skill level 1 in Shields
  2048 | D:2      | Reached skill level 1 in Unarmed Combat
  2402 | D:3      | Reached XP level 4. HP: 18/32 MP: 8/8
  2883 | D:3      | Reached skill level 1 in Conjurations
  2883 | D:3      | Reached skill level 1 in Hexes
  2883 | D:3      | Reached skill level 1 in Summonings
  2883 | D:3      | Reached skill level 1 in Necromancy
  2883 | D:3      | Reached skill level 1 in Translocations
  2883 | D:3      | Reached skill level 1 in Transmutations
  2883 | D:3      | Reached skill level 1 in Fire Magic
  2883 | D:3      | Reached skill level 1 in Ice Magic
  2883 | D:3      | Reached skill level 1 in Air Magic
  2883 | D:3      | Reached skill level 1 in Earth Magic
  2883 | D:3      | Reached skill level 1 in Poison Magic
  2898 | D:3      | Slain by a gnoll zombie

Illustrated notes

Levels and vault maps discovered:
D:1:      minmay_arrival_stone_box, layout_loops_corners,
          kennysheep_nondescript, grunt_decor_arrowhead
D:2:      layout_loops_ring, shapermc_ecumenical_altar_rom_forum,
          nrook_campfire, kennysheep_boxes
D:3:      wad_woods_tower, layout_basic, hangedman_feature_mirror

Skill      XL: |  1  2  3  4 |
---------------+-------------+-----
Invocations    | 1 |  1.3
Fighting       | 1 |  1.2
Short Blades   | 1 |  1.2
Long Blades    | 1 |  1.2
Maces & Flails | 1 |  1.2
Polearms       | 1 |  1.2
Slings         | 1 |  1.2
Bows           | 1 |  1.2
Crossbows      | 1 |  1.2
Armour         | 1 |  1.2
Shields        | 1 |  1.2
Unarmed Combat | 1 |  1.2
Spellcasting   | 3 |  3.0
Conjurations   | 1 |  1.0
Hexes          | 1 |  1.0
Summonings     | 1 |  1.0
Necromancy     | 1 |  1.0
Translocations | 1 |  1.0
Transmutations | 1 |  1.0
Fire Magic     | 1 |  1.0
Ice Magic      | 1 |  1.0
Air Magic      | 1 |  1.0
Earth Magic    | 1 |  1.0
Poison Magic   | 1 |  1.0
Axes           | |  4.7
Staves         | |  2.8
Throwing       | |  6.6
Dodging        | |  2.8
Stealth        | |  2.6
Evocations     | |  2.8

Action                   |  1- 3 |  4- 6 || total
-------------------------+-------+-------++-------
Melee: Hand axe          |    79 |    30 ||   109
       Bite              |    10 |     7 ||    17
       Punch             |     2 |       ||     2
Throw: Dart              |    29 |     8 ||    37
       Throwing net      |       |     1 ||     1
Invok: Renounce Religion |     1 |       ||     1
 Stab: Sleeping          |     5 |       ||     5
Armor: Robe              |    11 |       ||    11
       Leather armour    |    14 |     4 ||    18
Dodge: Dodged            |    58 |    26 ||    84

Table legend: (Time is in decaauts)
 A = Elapsed time spent in this place.
 B = Non-inter-level travel time spent in this place.
 C = Inter-level travel time spent in this place.
 D = Time resting spent in this place.
 E = Time spent auto-exploring this place.
 F = Levels seen in this place.
 G = Mean time per level.
                   A        B        C        D        E       F      G
               +--------+--------+--------+--------+--------+-----+--------+
         Total |   2931 |   2859 |     72 |    263 |   2212 |   3 |  977.0 |
       Dungeon |   2931 |   2859 |     72 |    263 |   2212 |   3 |  977.0 |
               +--------+--------+--------+--------+--------+-----+--------+

Top non-repeatable levels by time:
     D:1: 1399 daAuts
     D:2: 993 daAuts
     D:3: 538 daAuts
